 Seeded DCSS version 0.29-a0-100-g60f898f876 (webtiles) character file.

Game seed: 6000200499986173706 (custom seed)

13 innerfire433 the Ducker (level 2, 0/24 HPs)
             Began as a Demonspawn Monk on Feb 14, 2022.
             Succumbed to an adder's poison
             ... on level 2 of the Dungeon.
             The game lasted 00:01:12 (966 turns).

innerfire433 the Ducker (Demonspawn Monk)            Turns: 966, Time: 00:01:13

Health: 0/24       AC:  0    Str: 11    XL:     2   Next: 24%
Magic:  2/2        EV: 13    Int: 11    God:
Gold:   42         SH:  4    Dex: 15    Spells: 1/1 levels left

rFire   . . .      SeeInvis .   a - +0 mace
rCold   . . .      Faith    .   (no shield)
rNeg    . . .      Spirit   .   (no armour)
rPois   .          Reflect  .   (no helmet)
rElec   .          Harm     .   (no cloak)
rCorr   .          Rampage  .   (no gloves)
Will    .....                   (no boots)
Stlth   ++........              (no amulet)
HPRegen 0.08/turn               (no ring)
MPRegen 0.08/turn               (no ring)

@: lethally poisoned (0 -> -8)
A: large bone plates 1
a: no special abilities


You were on level 2 of the Dungeon.
You visited 1 branch of the dungeon, and saw 2 of its levels.

You collected 42 gold pieces.

Inventory:

Hand Weapons
 a - a +0 mace (weapon)
 f - a +3 hunting sling
Armour
 b - a +0 robe
 d - a +0 ring mail
 h - a +0 scale mail
Scrolls
 c - 2 scrolls of identify {unknown}
 e - a scroll of blinking {unknown}
 g - 2 scrolls of fog {unknown}
 i - a scroll of brand weapon {unknown}


   Skills:
 - Level 3.0 Fighting
 - Level 2.6 Maces & Flails
 * Level 3.4 Dodging
 - Level 1.7 Stealth


You had one spell level left.
You didn't know any spells.
Your spell library contained the following spells:

 Spells                   Type           Power      Damage    Failure   Level
 Call Canine Familiar     Summ           0%         N/A       71%         3
 Portal Projectile        Hex/Tloc       0%         N/A       71%         3
 Leda's Liquefaction      Hex/Erth       0%         N/A       98%         4


Dungeon Overview and Level Annotations

Branches:
Dungeon (2/15)

Altars:

Shops:
D:2 ?


Innate Abilities, Weirdness & Mutations

You are partially covered in large bone plates. (SH +4)


Message History

Done exploring.
No target in view!
Done exploring.
There is a stone staircase leading down here.
You climb downwards.
Found 24 bolts.
There is a stone staircase leading up here.
An adder and a quokka come into view.
Found 9 gold pieces.
Found Fiuro's Magic Scroll Boutique.
The quokka moves out of view.
An adder is nearby!
Found 5 scrolls labelled EJOUCA JOHA.
You see here 9 gold pieces.
The adder hisses angrily.
The adder bites you.
You closely miss the adder. The adder bites you.
You are poisoned.
The adder poisons you! The adder closely misses you.
You miss the adder.
You feel sick. The adder bites you. x2
You hit the adder.
The adder is moderately wounded.
You feel sick. The adder barely misses you. The quokka barely misses you.
You miss the adder.
The adder is moderately wounded.
You feel sick.
You are no longer poisoned.
The adder bites you.
You are poisoned.
The adder poisons you! The quokka barely misses you.
The adder closely misses you.
You barely miss the adder.
The adder is moderately wounded.
You feel sick. The quokka misses you. The adder bites you.
* * * LOW HITPOINT WARNING * * *
You are more poisoned.
The adder poisons you! The quokka misses you. The adder bites you.
* * * LOW HITPOINT WARNING * * *
You hit the adder.
The adder is heavily wounded.
You die...

##???. ..
#..∩?#..
#...?#.#
...#..# #
#..#.(###..
#..#......
#####.......#
#.S@r$...#
#.#####..# #
####..#
#....<#
#.##.## # #.#
..# ####


You could see an adder and a quokka.

Vanquished Creatures
  2 bats (D:1)
  4 endoplasms (D:1)
  A hobgoblin (D:1)
  A quokka (D:1)
  A ball python (D:1)
  A frilled lizard (D:1)
  2 rats (D:1)
12 creatures vanquished.

Notes
Turn   | Place    | Note
-------+----------+-------------------------------------------
     0 | D:1      | innerfire433 the Demonspawn Monk began the quest for the
                  | Orb.
     0 | D:1      | Reached XP level 1. HP: 18/18 MP: 1/1
   529 | D:1      | Gained mutation: You are partially covered in large bone
                  | plates. (SH +4) [demonic ancestry]
   529 | D:1      | Reached XP level 2. HP: 21/24 MP: 2/2
   956 | D:2      | Found Fiuro's Magic Scroll Boutique.
   966 | D:2      | Succumbed to an adder's poison

Illustrated notes

Levels and vault maps discovered:
D:1:      scummos_arrival_gate, layout_loops_ring, minmay_misc_feat_tower
D:2:      layout_loops_cross, serial_shops, shop_scrolls, serial_park_tiny_1,
          minmay_misc_feat_ornament

Skill      XL: |  1 |
---------------+----+-----
Dodging        | 3 |  3.4
Fighting       | |  3.0
Maces & Flails | |  2.6
Stealth        | |  1.7

Action                   || total
-------------------------++-------
Melee: Mace              ||    32
 Stab: Sleeping          ||     2
Armor: Ring mail         ||     3
Dodge: Dodged            ||    23
Block: Other             ||     1

Table legend: (Time is in decaauts)
 A = Elapsed time spent in this place.
 B = Non-inter-level travel time spent in this place.
 C = Inter-level travel time spent in this place.
 D = Time resting spent in this place.
 E = Time spent auto-exploring this place.
 F = Levels seen in this place.
 G = Mean time per level.
                   A        B        C        D        E       F      G
               +--------+--------+--------+--------+--------+-----+--------+
         Total |    973 |    971 |      2 |      0 |    843 |   2 |  486.5 |
       Dungeon |    973 |    971 |      2 |      0 |    843 |   2 |  486.5 |
               +--------+--------+--------+--------+--------+-----+--------+

Top non-repeatable levels by time:
     D:1: 959 daAuts
     D:2: 14 daAuts
